 Dungeon Crawl Stone Soup version 0.30-a0-371-gad7725a93e (webtiles) character file.

Game seed: 8433212769848789664

7889 kae the Transmogrifier (level 11, -8/92 HPs)
             Began as a Black Draconian Transmuter on Nov 21, 2022.
             Was a Follower of Ru.
             Mangled by a troll (11 damage)
             ... on level 10 of the Dungeon.
             The game lasted 00:14:47 (9163 turns).

kae the Transmogrifier (Black Draconian Transmuter) Turns: 9163, Time: 00:14:47

Health: -8/92      AC: 13    Str: 12    XL:     11   Next: 2%
Magic:  20/22      EV: 10    Int: 19    God:    Ru [*.....]
Gold:   691        SH:  0    Dex: 11    Spells: 15/25 levels left

rFire   x . .      SeeInvis +      - Unarmed
rCold   + + +      Faith    .    (shield currently unavailable)
rNeg    . . .      Spirit   .    (body armour unavailable)
rPois   +          Reflect  .    (helmet currently unavailable)
rElec   .          Harm     .    (cloak currently unavailable)
rCorr   .          Rampage  .    (gloves currently unavailable)
Will    .....                    (boots currently unavailable)
Stlth   +.........               g - amulet of regeneration
HPRegen 1.15/turn                O - +4 ring of protection
MPRegen 0.18/turn                v - ring of see invisible

@: ice-form, wereblooded, slowed, very slow
A: freezing attack, amphibious, boosted hp, (breathe lightning), AC +7, large,
unfitting armour, (electricity resistance), (cold-blooded), hated by all
a: End Transformation, Renounce Religion, Sacrifice Nimbleness, Sacrifice
Health, Sacrifice Courage, Reject Sacrifices


You were on level 10 of the Dungeon.
You worshipped Ru.
Ru was aware of your devotion.
You were a creature of crystalline ice.
You visited 1 branch of the dungeon, and saw 10 of its levels.

You collected 691 gold pieces.


Innate Abilities, Weirdness & Mutations

You are a creature of crystalline ice.
You have a powerful freezing melee attack.
You are amphibious.
Your maximum health is increased.
Your armour is entirely melded.
You are incapable of wielding weapons or throwing items.
((You can breathe wild blasts of lightning.))
((Your glossy black scales are hard. (AC +7)))
You cannot fit into any form of body armour.
((You are resistant to electric shocks. (rElec)))
((You are cold-blooded and may be slowed by cold attacks.))
You are hated by all.


   Skills:
 - Level 1.1 Fighting
 - Level 1.7 Dodging
 + Level 8.7 Unarmed Combat
 + Level 7.7 Spellcasting
 * Level 11.7 Transmutations
 - Level 5.0 Ice Magic
 - Level 1.0 Poison Magic


You had 15 spell levels left.
You knew the following spells:

 Your Spells              Type           Power      Damage    Failure   Level
a - Beastly Appendage     Tmut           100%       N/A       1%          1
b - Wereblood             Tmut           51%        N/A       1%          2
c - Spider Form           Tmut/Pois      31%        N/A       1%          3
d - Ice Form              Ice/Tmut       39%        N/A       3%          4

Your spell library contained the following spells:

 Spells                   Type           Power      Damage    Failure   Level
 Slow                     Hex            28%        N/A       10%         1
 Blink                    Tloc           14%        N/A       14%         2
 Momentum Strike          Conj/Tloc      14%        3d8       14%         2
 Confusing Touch          Hex            7%         N/A       28%         3
 Gell's Gravitas          Tloc           7%         N/A       28%         3
 Lesser Beckoning         Tloc           14%        N/A       28%         3
 Teleport Other           Tloc           7%         N/A       28%         3
 Vampiric Draining        Necr           7%         2d6       28%         3
 Manifold Assault         Tloc           7%         N/A       67%         4
 Dispersal                Tloc           3%         N/A       100%        6
 Disjunction              Tloc           3%         N/A       100%        8
 Chain Lightning          Conj/Air       3%         3d4       100%        9
 Fire Storm               Conj/Fire      3%         8d1       100%        9
 Shatter                  Erth           3%         3d7*      100%        9

Inventory:

Missiles
 b - 9 javelins
 c - 104 stones
 x - 3 boomerangs of dispersal {=f!f}
 B - 11 poisoned darts
 F - a curare-tipped dart {=f}
 H - 9 boomerangs
Armour
 e - a +1 pair of boots (melded)
   (You found it on level 1 of the Dungeon)
Jewellery
 g - an amulet of regeneration (around neck)
   (You found it on level 8 of the Dungeon)
 v - a ring of see invisible (right front paw)
   (You found it on level 3 of the Dungeon)
 A - an amulet of the acrobat
   (You found it on level 6 of the Dungeon)
 D - a +6 ring of dexterity
   (You found it on level 2 of the Dungeon)
 N - a ring of positive energy
   (You found it on level 4 of the Dungeon)
 O - a +4 ring of protection (left front paw)
   (You took it off a goblin on level 3 of the Dungeon)
 T - an amulet of faith {!P}
   (You found it on level 6 of the Dungeon)
Wands
 o - a wand of paralysis (23)
   (You took it off a goblin on level 4 of the Dungeon)
 p - a wand of flame (63)
   (You took it off Eustachio on level 5 of the Dungeon)
 w - a wand of iceblast (19)
   (You found it on level 6 of the Dungeon)
 I - a wand of polymorph (3)
   (You found it on level 10 of the Dungeon)
Scrolls
 m - 4 scrolls of amnesia
 q - 2 scrolls of poison {!r}
 r - a scroll of butterflies
 s - a scroll of enchant weapon
 u - a scroll of magic mapping {!r}
 y - a scroll of vulnerability {!r!r}
 E - a scroll of fear
Potions
 a - 2 potions of lignification {!q}
 d - a potion of resistance {unknown}
 f - 2 potions of ambrosia {unknown}
 h - a potion of degeneration {!q}
 i - a potion of might {unknown}
 j - 8 potions of curing {@q1}
 k - a potion of attraction {unknown}
 l - 2 potions of heal wounds {@q2}
 n - 4 potions of cancellation {unknown}
 t - a potion of flight {unknown}
 z - 2 potions of haste {unknown}
 C - 2 potions of brilliance {unknown}
 G - a potion of magic
 L - a potion of berserk rage {unknown}

Dungeon Overview and Level Annotations

Branches:
Dungeon (10/15) Zot: 26359  Temple (0/1) D:7            Lair (0/5) D:8
    Orc (0/2) D:9

Altars:
Ashenzari
Dithmenos
Gozag
Makhleb
Okawaru
Ru
Sif Muna
Uskayaw
Zin

Shops:
D:4 [:::

Annotations:
D:2 1 runed translucent door, Crazy Yiuf
D:4 1 runed translucent door, GrimJard's ghost, amateur HuCK
D:8 exclusion: door

..#)#.........##'#
..#.#............##
..#...............#
###.####..........##
....#
####........###
....#
###........####
....# ##..........#
....# #..)..........
....# ##)Y).........
....# #T##.........
....# #..####......
....# ##....###....
....# #T.....##...
....# #..#....#..
....# #..##...#
....# ...# #...
....# ...# ..Y


You could see a troll.


Message History

😎 HP[+2]
Your hp is fully restored (92).
You hit the centaur. You freeze the centaur. The centaur completely misses you.
The centaur kicks you. The centaur closely misses you.
The centaur barely misses you. 😕 HP[-2] MP[+1]
You take 2 damage, and now have 90/92 hp.
Unknown command.
You hit the centaur. You freeze the centaur.
The centaur wields a +0 shortbow.
The centaur shoots an arrow.
The arrow hits you!
The centaur hits you but does no damage.
The centaur barely misses you. The troll bites you! The troll claws you!
The troll claws you. 😮 HP[-32]
You take 32 damage, and now have 58/92 hp.
MASSIVE DAMAGE!! (PAUSE)
You hit the centaur. You freeze the centaur.
The centaur hits you but does no damage.
The centaur kicks you but does no damage.
The centaur hits you but does no damage.
The centaur barely misses you. The troll bites you!
The troll claws you but does no damage. x2; The centaur unwields a +0 shortbow.
The centaur hits you but does no damage.
The centaur closely misses you. 😮 HP[-6]
You take 6 damage, and now have 52/92 hp.
Unknown command.
You punch the centaur! You freeze the centaur.
You kill the centaur!
The centaur hits you but does no damage.
The centaur kicks you but does no damage.
The troll bites you but does no damage. The troll completely misses you.
The troll closely misses you.
The centaur barely misses you. x2 😮 HP[+2]
You regained 2 hp, and now have 54/92 hp.
Casting: Ice Form (dangerous; 3% risk of failure)
Confirm with . or Enter, or press ? or * to list all spells.
Your blood is infused with primal strength.
The centaur misses you.
The centaur kicks you but does no damage.
The troll barely misses you. The troll claws you but does no damage.
The troll claws you!
* * * LOW HITPOINT WARNING * * *
The centaur hits you.
* * * LOW HITPOINT WARNING * * *
The centaur barely misses you. The troll bites you.
* * * LOW HITPOINT WARNING * * *
The troll claws you but does no damage. x2
The centaur barely misses you.
The centaur kicks you but does no damage.
The troll bites you.
* * * LOW HITPOINT WARNING * * *
The troll claws you but does no damage. The troll claws you.
* * * LOW HITPOINT WARNING * * *
The centaur completely misses you.
The centaur barely misses you. 😨 HP[-21] MP[-1]
You take 21 damage, and now have 33/92 hp.
MASSIVE DAMAGE!! (PAUSE)
You lost 1 mp, and now have 19/22 mp.
You punch the centaur! You freeze the centaur. The centaur barely misses you.
The centaur kicks you but does no damage.
The troll bites you but does no damage. The troll claws you.
* * * LOW HITPOINT WARNING * * *
The troll claws you but does no damage. The centaur hits you.
* * * LOW HITPOINT WARNING * * *
The centaur kicks you but does no damage.
The troll bites you.
* * * LOW HITPOINT WARNING * * *
The troll claws you!
* * * LOW HITPOINT WARNING * * *
The troll claws you!
* * * LOW HITPOINT WARNING * * *
😱 HP[-27]
You take 27 damage, and now have 6/92 hp.
MASSIVE DAMAGE!! (PAUSE)
You feel much better. The centaur closely misses you.
The centaur kicks you but does no damage.
The centaur hits you but does no damage.
The centaur closely misses you. The troll closely misses you.
The troll claws you.
* * * LOW HITPOINT WARNING * * *
The troll barely misses you. 😱 HP[+17]
You regained 17 hp, and now have 23/92 hp.
You punch the centaur! You freeze the centaur.
You feel a bit better.
You kill the centaur!
The troll bites you.
* * * LOW HITPOINT WARNING * * *
The troll barely misses you. The troll claws you!
* * * LOW HITPOINT WARNING * * *
😱 HP[-9] MP[+1]
You take 9 damage, and now have 14/92 hp.
You punch the troll! You freeze the troll.
The troll bites you but does no damage. The troll claws you but does no damage.
The troll claws you.
* * * LOW HITPOINT WARNING * * *
The troll bites you.
* * * LOW HITPOINT WARNING * * *
The troll barely misses you. The troll claws you!
You die...

Skill      XL: |  1  2  3  4  5  6  7  8  9 10 |
---------------+-------------------------------+-----
Transmutations | 3 4 5 6 7 9 11 | 11.7
Poison Magic   | 1 |  1.0
Spellcasting   | 3 4 5 6 7 |  7.7
Unarmed Combat | 4 5 6 7 8 |  8.7
Ice Magic      | 1 4 5 |  5.0
Fighting       | |  1.1
Dodging        | |  1.7

Action                   |  1- 3 |  4- 6 |  7- 9 | 10-12 || total
-------------------------+-------+-------+-------+-------++-------
Melee: Unarmed           |   105 |   200 |   242 |   180 ||   727
       Tailslap          |    11 |    16 |       |       ||    27
       Kick              |    20 |    37 |       |       ||    57
       Headbutt          |     4 |    21 |       |       ||    25
       Punch             |     1 |     4 |       |       ||     5
 Cast: Beastly Appendage |    21 |    35 |       |       ||    56
       Spider Form       |     1 |     8 |     1 |       ||    10
       Ice Form          |       |     1 |    27 |    13 ||    41
       Wereblood         |       |       |     5 |     7 ||    12
Invok: Sacrifice Love    |       |       |     1 |       ||     1
 Abil: Breathe Lightning |       |       |     1 |       ||     1
Evoke: Wand              |       |     1 |     2 |     3 ||     6
  Use: Scroll            |       |    10 |     3 |     3 ||    16
       Potion            |       |       |       |     2 ||     2
 Stab: Sleeping          |     2 |     1 |       |       ||     3
       Distracted        |     1 |       |       |       ||     1
       Paralysed         |       |     2 |       |     3 ||     5
Armor: Skin              |    24 |    68 |    78 |   173 ||   343
Dodge: Dodged            |    68 |   178 |    99 |   195 ||   540

Levels and vault maps discovered:
D:1:      saegor_arrival_simple_d, layout_loops_ring
D:2:      layout_loops_ring, uniq_crazy_yiuf_cottage
D:3:      layout_basic, mainiacjoe_overflow_24_doors, nicolae_ru_awakened_eye
D:4:      nicolae_cairo_tiling_large, layout_loops_ring,
          mainiacjoe_overflow_big_doors, hellmonk_ghost_happy_afterlife,
          serial_shops, shop_fountains, shop, nicolae_take_the_stairs,
          nicolae_shop_self_help
D:5:      layout_loops_ring, uniq_pikel, uniq_eustachio
D:6:      layout_cave_pools, general_overflow_altar, kennysheep_dice
D:7:      layout_rooms, temple_green
D:8:      layout_rooms, mainiacjoe_overflow_large_starburst,
          grunt_lair_entry_orc_guard_hut, hangedman_decor_push,
          hangedman_incinerator
D:9:      layout_cave_pools, marbit_many_paths, orc_0_dummy,
          supply_closet_lemuel, guppyfry_early_elven_hall
D:10:     minmay_quarter_circles, layout_irregular_city,
          grunt_temple_overflow_order_and_chaos_2

Notes
Turn   | Place    | Note
-------+----------+-------------------------------------------
     0 | D:1      | kae the Draconian Transmuter began the quest for the Orb.
     0 | D:1      | Reached XP level 1. HP: 16/16 MP: 3/3
     0 | D:1      | magus.rc [v1.11.3]
   176 | D:1      | Reached XP level 2. HP: 22/23 MP: 3/5
   482 | D:1      | Reached XP level 3. HP: 28/28 MP: 6/6
   485 | D:1      | Learned a level 2 spell: Wereblood
   489 | D:1      | Learned a level 3 spell: Spider Form
   676 | D:1      | Reached skill level 3 in Transmutations
  1077 | D:2      | Reached XP level 4. HP: 35/35 MP: 5/7
  1513 | D:2      | Found a runed translucent door.
  1514 | D:2      | Noticed Crazy Yiuf
  1703 | D:3      | You pick up a book of Annihilations and begin reading...
  1703 | D:3      | You add the spells Chain Lightning, Fire Storm and Shatter
                  | to your library.
  1765 | D:3      | Found an opulent altar of Gozag.
  1922 | D:3      | Reached skill level 1 in Poison Magic
  1999 | D:3      | Identified the +0 ring mail of Qaolamesif {rF+}
  2037 | D:3      | Reached XP level 5. HP: 40/40 MP: 6/9
  2085 | D:3      | Identified the +5 ring mail of the Eternal Void {rC++ Str-2
                  | SInv}
  2128 | D:3      | Reached skill level 4 in Transmutations
  2470 | D:3      | Reached skill level 3 in Spellcasting
  2551 | D:3      | Found a sacrificial altar of Ru.
  2559 | D:3      | Became a worshipper of Ru the Awakened
  2602 | D:3      | Reached skill level 4 in Unarmed Combat
  2661 | D:4      | Learned a level 4 spell: Ice Form
  2665 | D:4      | Found Dolischesk's Book Emporium.
  2744 | D:4      | Found Ququnnui's Self-Improvement Boutique.
  2748 | D:4      | Found Imuw Deo's Book Boutique.
  2812 | D:4      | Found a runed translucent door.
  2812 | D:4      | Noticed GrimJard's ghost (amateur HuCK)
  2972 | D:4      | Found a shadowy altar of Dithmenos.
  2977 | D:4      | Found a blossoming altar of Fedhas.
  3137 | D:4      | Found Zucy's Armour Emporium.
  3248 | D:4      | Paralysed by a goblin for 2 turns
  3272 | D:4      | Reached XP level 6. HP: 44/47 MP: 10/10
  3405 | D:4      | Reached skill level 5 in Transmutations
  3774 | D:5      | Entered Level 5 of the Dungeon
  4140 | D:4      | Reached skill level 1 in Ice Magic
  4140 | D:4      | Your scales start taking on a glossy black colour.
  4140 | D:4      | Reached XP level 7. HP: 35/52 MP: 7/12
  4140 | D:4      | Gained mutation: You are resistant to electric shocks.
                  | (rElec) [Black Draconian growth]
  4237 | D:5      | Noticed Eustachio
  4254 | D:5      | Killed Eustachio
  4255 | D:5      | Reached skill level 4 in Spellcasting
  4255 | D:5      | Reached skill level 2 in Ice Magic
  4363 | D:5      | Reached skill level 5 in Unarmed Combat
  4363 | D:5      | Reached skill level 6 in Transmutations
  4363 | D:5      | Reached skill level 3 in Ice Magic
  4579 | D:5      | Gained mutation: You are hated by all. [Ru sacrifice]
  4579 | D:5      | Reached * piety under Ru
  4818 | D:5      | Noticed Pikel
  4906 | D:5      | Paralysed by Pikel for 2 turns
  4924 | D:5      | Killed Pikel
  4925 | D:5      | Reached skill level 4 in Ice Magic
  4925 | D:5      | Reached XP level 8. HP: 59/59 MP: 6/14
  5057 | D:6      | You pick up a book of Debilitation and begin reading...
  5057 | D:6      | You add the spells Slow, Vampiric Draining and Confusing
                  | Touch to your library.
  5089 | D:6      | Reached skill level 7 in Transmutations
  5336 | D:6      | Reached skill level 5 in Ice Magic
  5395 | D:6      | Identified the +6 hand axe "Qesacrug" {vorpal, Fly rPois
                  | rC- rN+}
  5453 | D:6      | Reached skill level 5 in Spellcasting
  5558 | D:6      | Reached skill level 6 in Unarmed Combat
  5672 | D:6      | Reached XP level 9. HP: 64/64 MP: 11/16
  5737 | D:6      | Found an iron altar of Okawaru.
  5975 | D:7      | You pick up a book of Spatial Translocations and begin
                  | reading...
  5975 | D:7      | You add the spells Blink, Momentum Strike and Lesser
                  | Beckoning to your library.
  6031 | D:7      | Reached skill level 8 in Transmutations
  6227 | D:7      | You pick up a book of Displacement and begin reading...
  6227 | D:7      | You add the spells Gell's Gravitas and Teleport Other to
                  | your library.
  6546 | D:7      | Found a staircase to the Ecumenical Temple.
  6753 | D:8      | Found a broken altar of Ashenzari.
  7058 | D:8      | Found a shimmering blue altar of Sif Muna.
  7109 | D:8      | Reached skill level 9 in Transmutations
  7247 | D:8      | Reached skill level 6 in Spellcasting
  7249 | D:8      | Reached skill level 7 in Unarmed Combat
  7424 | D:8      | Identified the +12 halberd "Sujeppen" {venom, Contam rPois
                  | Str+6}
  7486 | D:8      | Found a staircase to the Lair.
  7715 | D:9      | Found a staircase to the Orcish Mines.
  7738 | D:9      | Reached XP level 10. HP: 69/69 MP: 17/19
  7842 | D:8      | Reached skill level 10 in Transmutations
  8115 | D:9      | Found a hide-covered altar of Uskayaw.
  8278 | D:9      | Identified the +1 leather armour "Zequphul" {Harm rN+ SInv
                  | Stlth+}
  8446 | D:9      | Noticed a deep elf zephyrmancer
  8454 | D:9      | HP: 19/82 [deep elf zephyrmancer/bolt of lightning (44)]
  8455 | D:9      | Killed a deep elf zephyrmancer
  8456 | D:9      | Reached skill level 8 in Unarmed Combat
  8456 | D:9      | Reached skill level 7 in Spellcasting
  8537 | D:10     | Entered Level 10 of the Dungeon
  8583 | D:10     | Reached skill level 11 in Transmutations
  8664 | D:10     | You pick up a book of the Warp and begin reading...
  8664 | D:10     | You add the spells Manifold Assault, Dispersal and
                  | Disjunction to your library.
  8693 | D:10     | Noticed a two-headed ogre
  8705 | D:10     | Killed a two-headed ogre
  8757 | D:10     | Found a burning altar of Makhleb.
  8763 | D:10     | Found a glowing silver altar of Zin.
  8764 | D:10     | Noticed an angel
  8764 | D:10     | Noticed a green death
  8864 | D:10     | HP: 16/82 [vampire mosquito (7)]
  8864 | D:10     | HP: 4/80 [wight/+0 halberd (4)]
  9141 | D:10     | Reached XP level 11. HP: 72/77 MP: 16/22
  9160 | D:10     | HP: 23/92 [troll (2)]
  9160 | D:10     | HP: 6/92 [troll (8)]
  9163 | D:10     | Mangled by a troll

Vanquished Creatures
  A two-headed ogre (D:10)
  Pikel (D:5)
  A deep elf zephyrmancer (D:9)
  An unseen horror (D:10)
  A hornet (D:8)
  A shadow (D:9)
  2 wraiths (D:10)
  Eustachio (D:5)
  5 yaks
  3 vampire mosquitoes (D:10)
  A water moccasin (D:7)
  A black bear (D:4)
  3 orc warriors (D:8)
  A sky beast (D:7)
  2 ice beasts (D:6)
  An ogre (D:4)
  7 centaurs
  3 lemures (D:5)
  A kobold brigand (D:9)
  5 necrophages
  6 bullfrogs
  2 scorpions
  15 wights
  6 killer bees (D:9)
  2 howler monkeys (D:8)
  3 jellies
  4 hounds
  A gnoll bouda (D:8)
  3 orc priests
  5 orc wizards
  5 iguanas
  15 gnolls
  6 adders
  5 shadow imps
  A white imp (D:6)
  4 worms
  5 dart slugs
  15 orcs
  11 bats
  4 endoplasms
  2 giant cockroaches
  8 goblins
  5 hobgoblins (D:1)
  9 quokkas
  3 ball pythons
  2 frilled lizards (D:1)
  17 kobolds
  10 rats
216 creatures vanquished.

Vanquished Creatures (others)
  An orc warrior (D:6)
  10 fungi (D:8)
  20 plants (D:8)
31 creatures vanquished.

Grand Total: 247 creatures vanquished

Table legend:
 A = Non-vault XP
 B = Vault XP
 C = Vault XP percentage of total XP
 D = Non-vault monster count
 E = Vault monster count
 F = Vault count percentage of total count
                 A         B        C        D         E       F
            +---------+---------+-------+---------+---------+-------
      Total |    8647 |    2623 |  23.3 |     199 |      15 |   7.0
            +---------+---------+-------+---------+---------+-------
        D:1 |      59 |       0 |   0.0 |      33 |       0 |   0.0
        D:2 |      60 |       0 |   0.0 |      17 |       0 |   0.0
        D:3 |     167 |       0 |   0.0 |      27 |       0 |   0.0
        D:4 |     510 |       0 |   0.0 |      20 |       0 |   0.0
        D:5 |     329 |     819 |  71.3 |      10 |       2 |  16.7
        D:6 |     723 |     167 |  18.8 |      16 |       3 |  15.8
        D:7 |     895 |       0 |   0.0 |      12 |       0 |   0.0
        D:8 |    1537 |     508 |  24.8 |      25 |       4 |  13.8
        D:9 |    1499 |     695 |  31.7 |      28 |       2 |   6.7
       D:10 |    2868 |     434 |  13.1 |      11 |       4 |  26.7
            +---------+---------+-------+---------+---------+-------

Illustrated notes

Table legend:
 A = Kills in this place as a percentage of kills in entire the game.
 B = Kills by you in this place as a percentage of kills by you in the entire game.
 C = Kills by friends in this place as a percentage of kills by friends in the entire game.
 D = Other kills in this place as a percentage of other kills in the entire game.
 E = Experience gained in this place as a percentage of experience gained in the entire game.
 F = Experience gained in this place divided by the number of levels of this place that you have seen.
                   A       B       C       D       E      F
               +-------+-------+-------+-------+-------+----------------------
         Total | 100.0 | 100.0 |   N/A | 100.0 | 100.0 | 1127.0
       Dungeon | 100.0 | 100.0 |   N/A | 100.0 | 100.0 | 1127.0
               +-------+-------+-------+-------+-------+----------------------

Table legend: (Time is in decaauts)
 A = Elapsed time spent in this place.
 B = Non-inter-level travel time spent in this place.
 C = Inter-level travel time spent in this place.
 D = Time resting spent in this place.
 E = Time spent auto-exploring this place.
 F = Levels seen in this place.
 G = Mean time per level.
                   A        B        C        D        E       F      G
               +--------+--------+--------+--------+--------+-----+--------+
         Total |   9138 |   8934 |    204 |    737 |   6208 |  10 |  913.8 |
       Dungeon |   9138 |   8934 |    204 |    737 |   6208 |  10 |  913.8 |
               +--------+--------+--------+--------+--------+-----+--------+

Top non-repeatable levels by time:
     D:4: 1253 daAuts
     D:5: 1052 daAuts
     D:6: 970 daAuts
     D:7: 966 daAuts
     D:3: 929 daAuts
     D:2: 901 daAuts
     D:8: 862 daAuts
     D:1: 814 daAuts
     D:9: 748 daAuts
    D:10: 639 daAuts
